 Dungeon Crawl Stone Soup version 0.31-a0-234-gad7ace16ef (webtiles) character file.

Game seed: 15629643725313827780

142 qw the Shooter (level 5, 0/41 HPs)
             Began as a Minotaur Hexslinger on July 9, 2023.
             Succumbed to a scorpion's poison
             ... on level 3 of the Dungeon.
             The game lasted 00:00:39 (2406 turns).

qw the Shooter (Minotaur Hexslinger)                Turns: 2406, Time: 00:00:40

Health: 0/41       AC:  5    Str: 13    XL:     5   Next: 3%
Magic:  5/5        EV: 11    Int: 10    God:
Gold:   135        SH:  0    Dex: 20    Spells: 5/6 levels left

rFire   . . .        Y - +4 sling
rCold   . . .        (no shield)
rNeg    . . .        i - +0 ring mail
rPois   .            (helmet restricted)
rElec   .            (no cloak)
rCorr   .            (no gloves)
SInv    .            (no boots)
Will    .....        (no amulet)
Stlth   +            e - +6 ring of dexterity
HPRegen 0.26/turn    (no ring)
MPRegen 0.09/turn

%: no passive effects
@: lethally poisoned (0 -> -2)
A: horns 2, retaliatory headbutt
a: no special abilities


You were on level 3 of the Dungeon.
You visited 1 branch of the dungeon, and saw 3 of its levels.

You collected 135 gold pieces.


Innate Abilities, Weirdness & Mutations

You have a pair of horns on your head.
You reflexively headbutt those who attack you in melee.


   Skills:
 + Level 2.0 Fighting
 - Level 5.3 Ranged Weapons
 - Level 1.3 Armour
 - Level 2.1 Dodging
 - Level 1.0 Spellcasting
 - Level 2.0 Hexes


You had 5 spell levels left.
You knew the following spells:

 Your Spells              Type           Power      Damage    Failure   Level
a - Slow                  Hex            16%        N/A       32%         1

Your spell library contained the following spells:

 Spells                   Type           Power      Damage    Failure   Level
 Inner Flame              Hex/Fire       2%         N/A       82%         3
 Portal Projectile        Hex/Tloc       4%         N/A       82%         3
 Cause Fear               Hex            2%         N/A       97%         4

Inventory:

Hand Weapons
 Y - a +4 sling (weapon)
Armour
 i - a +0 ring mail (worn)
Jewellery
 e - a +6 ring of dexterity (left hand)
Scrolls
 h - a scroll of identify
Potions
 f - a potion of enlightenment
 g - a potion of attraction {unknown}

Dungeon Overview and Level Annotations

Branches:
Dungeon (3/15)

Altars:

Shops:
D:1 (


Message History

The scorpion is moderately wounded.
The scorpion stings you.
You are poisoned.
The scorpion poisons you! The scorpion stings you.
You are more poisoned.
The scorpion poisons you!
You shoot a sling bullet. The sling bullet hits the scorpion!
The scorpion is severely wounded.
You feel very sick. The scorpion stings you.
You shoot a sling bullet.
The sling bullet hits the scorpion but does no damage.
The scorpion is severely wounded.
You feel very sick. The scorpion closely misses you. You furiously retaliate!
You headbutt the scorpion. The scorpion barely misses you.
2401 ||| READING scroll of teleportation.
As you read the scroll of teleportation, it crumbles to dust.
You feel strangely unstable.
You feel very sick. The scorpion closely misses you. You furiously retaliate!
You headbutt the scorpion.
You kill the scorpion!
Your Ranged Weapons skill increases to level 5!
You have reached level 5!
There is a lethal amount of poison in your body!
You feel sick.
There is a lethal amount of poison in your body!
You feel sick.
There is a lethal amount of poison in your body!
Your surroundings suddenly seem different.
A kobold comes into view. It is wielding a +0 club.
Found 14 gold pieces, 3 stones and a scroll of identify.
You feel sick.
Enter note: You shoot a sling bullet.
The sling bullet hits the kobold!
You kill the kobold!
You feel sick.
There is a lethal amount of poison in your body!
You die...

# # .. #.
..$##.
......########
.....).?.....#
.............#
.......@.....#
.......$...(.#
......########
...... #####


There were no monsters in sight!

Vanquished Creatures
  A scorpion (D:3)
  3 adders (D:2)
  2 worms (D:2)
  2 dart slugs
  4 bats
  2 endoplasms (D:1)
  A giant cockroach (D:1)
  5 goblins
  4 hobgoblins
  7 jackals
  A quokka (D:2)
  6 ball pythons
  2 frilled lizards (D:1)
  4 kobolds
  5 rats
49 creatures vanquished.

Notes
Turn   | Place    | Note
-------+----------+-------------------------------------------
     0 | D:1      | qw the Minotaur Hexslinger began the quest for the Orb.
     0 | D:1      | Reached XP level 1. HP: 16/16 MP: 1/1
     0 | D:1      | 0 ||| qw: Version: 0.3-a-51-g015441d
     0 | D:1      | 0 ||| qw: Game counter: 4329
     0 | D:1      | 0 ||| qw: Melee chars always use a shield: true
     0 | D:1      | 0 ||| qw: God list: Okawaru
     0 | D:1      | 0 ||| qw: Allow faded altars: false
     0 | D:1      | 0 ||| qw: Do Orc after clearing Dungeon:15 true
     0 | D:1      | 0 ||| qw: Do second Lair branch before Depths: true
     0 | D:1      | 0 ||| qw: Lair rune preference: random
     0 | D:1      | 0 ||| qw: Goals: Normal
     0 | D:1      | 0 ||| PLANNING D:1-11
    40 | D:1      | Found Keoj's Weapon Shoppe.
    55 | D:1      | 55 ||| SHOPLISTING +0 shortbow of electrocution (95 gold,
                  | have 8).
    93 | D:1      | Reached skill level 3 in Ranged Weapons
   148 | D:1      | Reached XP level 2. HP: 23/23 MP: 2/2
  1151 | D:1      | 1151 ||| UPGRADING to +0 ring mail.
  1161 | D:1      | 1161 ||| DROPPING +0 robe.
  1162 | D:1      | 1162 ||| UPGRADING to +6 ring of dexterity.
  1163 | D:1      | 1163 ||| READING 2 scrolls labelled BAM JUMELAEB.
  1164 | D:1      | 1164 ||| READING 3 scrolls labelled ALUOHUGIRARASH.
  1165 | D:1      | 1165 ||| READING 2 scrolls of enchant weapon.
  1165 | D:1      | 1165 ||| ENCHANTING +2 sling.
  1166 | D:1      | 1166 ||| READING scroll of enchant weapon.
  1166 | D:1      | 1166 ||| ENCHANTING +3 sling.
  1167 | D:1      | 1167 ||| READING scroll labelled NIMIJE FOIFRA.
  1168 | D:1      | 1168 ||| DROPPING scroll of vulnerability.
  1169 | D:1      | 1169 ||| DROPPING scroll of poison.
  1244 | D:2      | Reached XP level 3. HP: 29/29 MP: 3/3
  1419 | D:2      | Reached skill level 4 in Ranged Weapons
  1454 | D:2      | Reached skill level 1 in Armour
  1612 | D:2      | Reached XP level 4. HP: 36/36 MP: 4/4
  1958 | D:2      | You fall into a shaft and drop 1 floor!
  1970 | D:3      | 1970 ||| READING scroll labelled UMEUZY KEME.
  1971 | D:3      | 1971 ||| READING scroll labelled ZAGITAIKUV.
  1972 | D:3      | 1972 ||| READING 2 scrolls labelled XEMMIDGHOS.
  1975 | D:3      | 1975 ||| READING scroll labelled YBAPNE TECIY.
  1976 | D:3      | 1976 ||| READING 2 scrolls of identify.
  1976 | D:3      | 1976 ||| IDENTIFYING yellow potion
  2389 | D:3      | Noticed a scorpion
  2400 | D:3      | HP: 7/36 [poisoned by a scorpion]
  2401 | D:3      | 2401 ||| READING scroll of teleportation.
  2401 | D:3      | Killed a scorpion
  2402 | D:3      | Reached skill level 5 in Ranged Weapons
  2402 | D:3      | Reached XP level 5. HP: 5/41 MP: 5/5
  2403 | D:3      | HP: 3/41 [poisoned by a scorpion]
  2405 | D:3      | HP: 1/41 [poisoned by a scorpion]
  2406 | D:3      | Succumbed to a scorpion's poison

Levels and vault maps discovered:
D:1:      ebering_trefoil_3fold, layout_basic, serial_shops, shop_fountains,
          hangedman_decor_slide_cut, minmay_misc_feat_tower, minivault_4,
          roderic_lattice_a
D:2:      layout_basic, minmay_misc_feat_nine_boxes,
          kennysheep_decorative_pillar, nicolae_concentric_dashed_squares_wild
D:3:      layout_basic, grunt_temple_overflow_open

Skill      XL: |  1  2  3  4 |
---------------+-------------+-----
Ranged Weapons | 3 4 5 |  5.3
Fighting       | 2 |  2.0
Armour         | 1 |  1.3
Dodging        | |  2.1
Spellcasting   | |  1.0
Hexes          | |  2.0

Action                     |  1- 3 |  4- 6 || total
---------------------------+-------+-------++-------
   Fire: Sling             |   109 |    26 ||   135
    Use: Scroll            |     5 |     6 ||    11
 Armour: Robe              |     2 |       ||     2
         Ring mail         |     1 |     2 ||     3
  Dodge: Dodged            |    28 |    12 ||    40

Table legend:
 A = Non-vault XP
 B = Vault XP
 C = Vault XP percentage of total XP
 D = Non-vault monster count
 E = Vault monster count
 F = Vault count percentage of total count
                 A         B        C        D         E       F
            +---------+---------+-------+---------+---------+-------
      Total |     203 |       0 |   0.0 |      49 |       0 |   0.0
            +---------+---------+-------+---------+---------+-------
        D:1 |      40 |       0 |   0.0 |      24 |       0 |   0.0
        D:2 |      79 |       0 |   0.0 |      21 |       0 |   0.0
        D:3 |      84 |       0 |   0.0 |       4 |       0 |   0.0
            +---------+---------+-------+---------+---------+-------
